 Dungeon Crawl Stone Soup version 0.19.1-1-g22dce08 (webtiles) character file.

2566 Macro the Slicer (level 9, -4/61 HPs)
             Began as a Halfling Fighter on Jan 19, 2017.
             Was a Follower of Qazlal.
             Slain by Camlann's ghost (5 damage)
             ... on level 7 of the Dungeon on Jan 20, 2017.
             The game lasted 01:26:29 (6341 turns).

Macro the Slicer (Halfling Fighter)                 Turns: 6341, Time: 01:26:29

Health: -4/61      AC:  5    Str: 20    XL:     9   Next: 87%
Magic:  10/10      EV: 10    Int:  6    God:    Qazlal [*.....]
Gold:   340        SH: 11    Dex: 14    Spells: 0 memorised, 8 levels left

rFire  + + .     SeeInvis .     s - +2 short sword (holy)
rCold  . . .     Gourm    .     Q - +1 leather armour {rF+}
rNeg   . . .     Faith    .     c - +0 shield
rPois  .         Spirit   .     F - +0 helmet
rElec  .         Reflect  .     (no cloak)
rCorr  .         Harm     .     (no gloves)
MR     .....                    (no boots)
Stlth  +.........               m - amulet of rage
                                L - ring of protection from fire
                                o - ring of flight

@: very heavily drained
A: mutation resistance 1
a: Renounce Religion, Evoke Berserk Rage, Evoke Flight


You were on level 7 of the Dungeon.
You worshipped Qazlal.
Qazlal was aware of your devotion.
You were hungry.

You visited 2 branches of the dungeon, and saw 8 of its levels.

You collected 340 gold pieces.

Inventory:

Hand Weapons
 a - a +2 dagger of venom
 b - a +1 trident of flaming
 s - a +2 short sword of holy wrath (weapon)
 y - a +0 vampiric dagger
 H - a +2 dagger of draining
Missiles
 G - 3 poisoned tomahawks (quivered)
Armour
 c - a +0 shield (worn)
 x - a +0 chain mail
 F - a +0 helmet (worn)
 Q - a +1 leather armour of fire resistance (worn)
Magical Staves
 z - an uncursed staff of energy
Jewellery
 m - an amulet of rage (around neck)
 o - a ring of flight (left hand)
 L - a ring of protection from fire (right hand)
 P - an uncursed ring of protection from cold {unknown}
Wands
 v - a wand of paralysis (9/24)
 D - a wand of iceblast (10/15)
 K - a wand of enslavement (9/24)
 R - a wand of random effects (11/48)
Scrolls
 e - 3 scrolls of identify
 g - 3 scrolls of remove curse
 k - a scroll of enchant armour {unknown}
 l - 3 scrolls of blinking {unknown}
 n - 2 scrolls of recharging {unknown}
 p - a scroll of enchant weapon {unknown}
 t - a scroll of amnesia {unknown}
 u - 2 scrolls of fear {unknown}
 w - 2 scrolls of immolation {unknown}
 B - a scroll of noise {unknown}
 J - a scroll of magic mapping {unknown}
Potions
 d - 3 potions of might
 h - a potion of agility {unknown}
 i - 3 potions of curing
 r - a potion of magic {unknown}
 A - a potion of degeneration {unknown}
 E - 2 potions of haste {unknown}
 I - a potion of resistance {unknown}
 M - a potion of cancellation {unknown}
 N - a potion of lignification {unknown}
 O - a potion of mutation {unknown}
Comestibles
 f - 6 bread rations
 j - 5 meat rations
 q - a royal jelly
 C - 2 beef jerkies


   Skills:
 * Level 5.3(1.3) Fighting
 * Level 10.4(5.8) Short Blades
 + Level 6.2(2.1) Armour
 - Level 1.0(0.0) Stealth
 + Level 7.1(2.9) Shields
 + Level 1.4(0.0) Evocations


You had 8 spell levels left.
You didn't know any spells.

Dungeon Overview and Level Annotations

Branches:
Dungeon (7/15)             Temple (1/1) D:5

Altars:
Cheibriados
Dithmenos
Elyvilon
Gozag
Hepliaklqana
Kikubaaqudgha
Makhleb
Nemelex Xobeh
Okawaru
Qazlal
Ru
Sif Muna
Trog
Uskayaw
Vehumet
Xom
Yredelemnul
Zin
The Shining One
Beogh

Shops:
D:4 *

Annotations:
D:7 Camlann's ghost, novice DsFi


Innate Abilities, Weirdness & Mutations

You are small and have problems with some larger weapons.
You are somewhat resistant to further mutation.


Message History

Camlann's ghost whispers, "The ORB doesn't exist."
Camlann's ghost hits you!
You feel drained.
The phantom blinks!
You hit the iguana.
The iguana is lightly wounded.
Camlann's ghost hits you.
You feel drained. You block the iguana's attack.
You hit the iguana but do no damage.
The iguana is lightly wounded.
The iguana bites you.
Camlann's ghost hits you but does no damage.
You feel drained. The phantom closely misses you.
You hit the iguana.
The iguana is lightly wounded.
You block Camlann's ghost's attack. The iguana bites you.
* * * LOW HITPOINT WARNING * * *
The phantom hits you.
* * * LOW HITPOINT WARNING * * *
Camlann's ghost hits you!
* * * LOW HITPOINT WARNING * * *
You feel drained.
You die...

##########
.......§.##
##.....#..#
#.......#.#
..........#
.......§W.#
.......@§.#
.......Wl.#
..........#
#.......#.#
.....[....#
.)........#
..........#
..........


You could see a phantom, an iguana and Camlann's ghost.

Vanquished Creatures
  A hippogriff (D:4)
  Sigmund (D:4)
  A wyvern (D:5)
  The ghost of Tagedieb the Sneak, an amateur OpAs (D:3)
  An orc warrior (D:5)
  A phantom (D:6)
  An ogre (D:4)
  A centaur (D:6)
  A big kobold (D:4)
  A bullfrog (D:6)
  2 scorpions
  8 wights
  2 howler monkeys
  A crimson imp (D:6)
  3 orc priests
  3 hounds
  3 jellies
  6 orc wizards
  A centaur skeleton (D:4)
  A bullfrog skeleton (D:4)
  Jessica (D:2)
  3 worker ants (D:4)
  A hound zombie (D:5)
  A hound skeleton (D:5)
  A howler monkey zombie (D:7)
  3 gnolls (D:5)
  12 adders
  A shadow imp (D:6)
  An ooze (D:1)
  2 worms
  A leopard gecko (D:3)
  27 orcs
  7 giant cockroaches
  9 goblins
  7 hobgoblins
  11 jackals
  27 kobolds
  A quokka (D:5)
  A ball python (D:6)
  16 bats
  11 frilled lizards
  A leopard gecko skeleton (D:5)
  A quokka zombie (D:7)
  5 rats
  2 plants (D:4)
193 creatures vanquished.

Notes
Turn   | Place    | Note
-------+----------+-------------------------------------------
     0 | D:1      | Macro the Halfling Fighter began the quest for the Orb.
     0 | D:1      | Reached XP level 1. HP: 15/15 MP: 1/1
    61 | D:1      | Reached XP level 2. HP: 20/20 MP: 2/2
   369 | D:1      | Reached XP level 3. HP: 19/25 MP: 3/3
   373 | D:1      | Reached skill level 3 in Short Blades
  1005 | D:2      | Reached XP level 4. HP: 30/30 MP: 4/4
  1056 | D:2      | Found a sacrificial altar of Ru.
  1214 | D:2      | Noticed Jessica
  1219 | D:2      | Killed Jessica
  1219 | D:2      | Reached skill level 4 in Short Blades
  1219 | D:2      | Reached XP level 5. HP: 16/36 MP: 5/5
  1276 | D:2      | Found a basalt altar of Yredelemnul.
  1471 | D:3      | Noticed Tagedieb's ghost (amateur OpAs)
  1503 | D:3      | Killed Tagedieb's ghost
  1503 | D:3      | Reached skill level 5 in Short Blades
  1503 | D:3      | Reached XP level 6. HP: 25/42 MP: 6/6
  1794 | D:3      | Found a burning altar of Makhleb.
  1895 | D:3      | Found a roughly hewn altar of Beogh.
  1914 | D:3      | Reached XP level 7. HP: 22/46 MP: 7/7
  2136 | D:4      | Reached skill level 6 in Short Blades
  2220 | D:4      | Noticed Sigmund
  2241 | D:4      | Killed Sigmund
  2241 | D:4      | Reached skill level 7 in Short Blades
  2241 | D:4      | Reached skill level 5 in Shields
  2468 | D:4      | Found Fahox's Assorted Antiques.
  2503 | D:4      | Reached XP level 8. HP: 34/53 MP: 8/8
  2889 | D:4      | Reached skill level 5 in Armour
  3029 | D:4      | Reached skill level 8 in Short Blades
  3246 | D:4      | Noticed a hippogriff
  3260 | D:4      | Killed a hippogriff
  3765 | D:4      | Found an iron altar of Okawaru.
  3905 | D:4      | Reached skill level 9 in Short Blades
  4058 | D:5      | Entered Level 5 of the Dungeon
  4104 | D:5      | Found a deep blue altar of Sif Muna.
  4145 | D:5      | Reached XP level 9. HP: 42/59 MP: 9/9
  4197 | D:5      | Found a staircase to the Ecumenical Temple.
  4216 | Temple   | Entered the Ecumenical Temple
  4358 | Temple   | Became a worshipper of Qazlal Stormbringer
  4447 | D:5      | Found an opulent altar of Gozag.
  4756 | D:5      | Reached skill level 1 in Evocations
  4932 | D:5      | Reached skill level 1 in Stealth
  5186 | D:5      | Reached skill level 10 in Short Blades
  5192 | D:5      | Reached skill level 5 in Fighting
  5424 | D:6      | Found an iron altar of Okawaru.
  5478 | D:6      | Found a snail-covered altar of Cheibriados.
  5605 | D:6      | Reached * piety under Qazlal
  5731 | D:6      | Noticed an angel
  5732 | D:6      | Found a glowing silver altar of Zin.
  5826 | D:6      | Found a stormy altar of Qazlal.
  6129 | D:7      | Noticed Camlann's ghost (novice DsFi)
  6341 | D:7      | HP: 1/61 [Camlann's ghost (11)]
  6341 | D:7      | Slain by Camlann's ghost

Skill      XL: |  1  2  3  4  5  6  7  8  9 |
---------------+----------------------------+-----
Short Blades   | 3 4 5 7 9 10 | 10.4
Fighting       | 3 4 5 |  5.3
Shields        | 4 5 7 |  7.1
Armour         | 4 5 6 |  6.2
Evocations     | 1 |  1.4
Stealth        | 1 |  1.0

Action                   |  1- 3 |  4- 6 |  7- 9 || total
-------------------------+-------+-------+-------++-------
Melee: Rapier            |    99 |       |       ||    99
       Short sword       |       |   194 |   385 ||   579
       Dagger            |       |       |   250 ||   250
 Abil: Evoke Berserk Rag |     1 |     2 |     2 ||     5
  Use: Scroll            |     2 |     2 |     1 ||     5
       Potion            |       |     1 |     2 ||     3
  Eat: Chunk             |     1 |     5 |    15 ||    21
       Beef jerky        |       |       |     1 ||     1
Armor: Scale mail        |    29 |    48 |       ||    77
       Chain mail        |       |       |   131 ||   131
       Leather armour    |       |       |     3 ||     3
Dodge: Dodged            |    34 |    52 |    90 ||   176
Block: Shield            |    39 |    74 |   230 ||   343
